 Dungeon Crawl Stone Soup version 0.31-a0-145-g046c7d2549 (webtiles) character file.

Game seed: 11067462150072313177

2247 olmar the Nimble (level 9, -4/63 HPs)
             Began as a Djinni Fire Elementalist on June 6, 2023.
             Splashed by a jelly's acid (9 damage)
             ... on level 6 of the Dungeon.
             The game lasted 00:17:35 (8178 turns).

olmar the Nimble (Djinni Fire Elementalist)         Turns: 8178, Time: 00:17:36

Health: -4/63      AC: -1    Str:  7    XL:     9   Next: 63%
Gold:   341        EV: 16    Int: 21    God:
                   SH:  0    Dex: 14

rFire   + + .        i - +0 dagger (holy)
rCold   x . .        (no shield)
rNeg    . . .        a - +0 robe
rPois   ∞            j - +0 helmet
rElec   .            (no cloak)
rCorr   .            (no gloves)
SInv    .            (boots unavailable)
Will    .....        (no amulet)
Stlth   ++           (no ring)
HPRegen 0.30/turn    (no ring)
MPRegen 0.00/turn

%: infuse magic (-5 HP)
@: corroded, flying
A: sickness immunity, fire resistance 2, cold vulnerability 1, float, innate
caster, HP casting, extra vitality 1
a: no special abilities


You were on level 6 of the Dungeon.
You visited 1 branch of the dungeon, and saw 6 of its levels.
You also visited: Ossuary.

You collected 341 gold pieces.

Inventory:

Hand Weapons
 d - a +1 whip of electrocution
 i - a +0 dagger of holy wrath (weapon)
Missiles
 n - 2 throwing nets
Armour
 a - a +0 robe (worn)
 j - a +0 helmet (worn)
 o - a +3 ring mail
Jewellery
 y - a ring of fire
Wands
 f - a wand of charming (4)
Scrolls
 b - 4 scrolls of teleportation
 c - 2 scrolls of blinking
 e - a scroll of vulnerability
 g - 2 scrolls of magic mapping
 h - 2 scrolls of amnesia
 k - 2 scrolls of fog
 l - a scroll of noise
 x - a scroll of enchant armour
 z - a scroll of identify
 B - a scroll of fear
 C - 2 scrolls of poison {unknown}
Potions
 m - 3 potions of lignification
 p - 2 potions of resistance
 q - a potion of curing
 r - 7 potions of heal wounds
 s - 2 potions of mutation
 t - 3 potions of brilliance
 u - 3 potions of might
 v - a potion of invisibility
 w - a potion of haste
 D - a potion of degeneration {unknown}
Miscellaneous
 A - a piece from Xom's chessboard (15/15)


   Skills:
 + Level 4.7 Fighting
 - Level 3.2 Short Blades
 + Level 8.5 Dodging
 - Level 1.5 Stealth
 + Level 3.2 Unarmed Combat
 + Level 5.5 Spellcasting
 + Level 5.5 Conjurations
 + Level 5.5 Hexes
 + Level 5.5 Summonings
 + Level 5.5 Necromancy
 + Level 5.5 Translocations
 + Level 5.5 Transmutations
 + Level 5.5 Fire Magic
 + Level 5.5 Ice Magic
 + Level 5.5 Air Magic
 + Level 5.5 Earth Magic
 + Level 5.5 Poison Magic


You knew the following spells:

 Your Spells              Type           Power      Damage    Failure   Level
a - Foxfire               Conj/Fire      100%       2x1d9     1%          1
b - Scorch                Fire           58%        2d7       1%          2
c - Volatile Blastmotes   Fire/Tloc      58%        2d14      3%          3
d - Inner Flame           Hex/Fire       29%        N/A       3%          3
e - Flame Wave            Conj/Fire      29%        2d9       11%         4
f - Apportation           Tloc           58%        N/A       1%          1
g - Passwall              Tmut/Erth      24%        N/A       1%          2
h - Searing Ray           Conj           58%        2d6       1%          2
i - Teleport Other        Tloc           29%        N/A       3%          3
Your spell library was empty.

Dungeon Overview and Level Annotations

Branches:
Dungeon (6/15)             Temple (0/1) D:6         Ossuary (visited)

Altars:
Nemelex Xobeh
Xom
Yredelemnul
The Shining One

Annotations:
D:6 Blork the orc, Crazy Yiuf


Innate Abilities, Weirdness & Mutations

You are immune to sickness and miasma.
You are immune to poison.
Your flesh is very heat resistant. (rF++)
You are vulnerable to cold. (rC-)
You float through the air rather than walking.
You learn spells naturally, not from books.
Your magical power is your life essence.
You have superior vitality. (+4 MHP)


Message History

t - Shout!
Orders for allies: a - Attack new target. p - Attack previous target. r - Retreat! s - Stop attacking. g - Guard the area. f - Follow me.
Anything else - Cancel.
Gang up on whom?
Press: ? - help, Dir - move target, f - hound, p - jelly
Aim: a hound (ally target) Attack!
The hound bites you.
* * * LOW HITPOINT WARNING * * *
Your jelly hits the hound.
The hound is splashed with acid.
Unknown command.
The hound bites your jelly.
The hound is burned by acid!
Your jelly closely misses the hound.
The hound bites your jelly.
The hound is burned by acid!
The hound dies!
Unknown command.
Unknown command.
Casting: Foxfire (safe; 1% risk of failure)
Confirm with . or Enter, or press ? or * to list all spells.
You conjure some foxfire!
* * * LOW HITPOINT WARNING * * *
Unknown command.
Casting: Foxfire (safe; 1% risk of failure)
Confirm with . or Enter, or press ? or * to list all spells.
You conjure some foxfire!
* * * LOW HITPOINT WARNING * * *
Unknown command.
Your foxfire dissipates!
Really attack your jelly?
You hit your jelly.
The jelly is no longer charmed.
The acid corrodes you!
Your hands burn!
* * * LOW HITPOINT WARNING * * *
The jelly is almost dead.
The foxfire hits the jelly.
The jelly is almost dead.
The jelly hits you.
* * * LOW HITPOINT WARNING * * *
You are splashed with acid!
You die...

###..... ...............
....
##..............##...##..
#...........$...##...##..
........ .)......§..v.....
.#..... ......§..>....#
#...# #.............
###.#### ###..§.##...##
....#..# #...§.@##...##..
##.....## #...§.J†........
###.....#.##..§v........##
##..........#.§....#.####
####oo.#....§§....##.# ##
#...###........# # .#
#.### #......... ..##oo#
##.......## ...#o...
#........#


You could see a jelly (ally target).

Vanquished Creatures
  Sigmund (D:2)
  2 black bears
  2 centaurs (D:6)
  A kobold brigand (D:4)
  A water moccasin zombie (Ossuary)
  2 scorpions
  A centaur zombie (Ossuary)
  9 bullfrog zombies (Ossuary)
  A hound (D:5)
  2 jellies
  6 iguanas
  2 sleepcaps
  3 orc wizards
  Natasha (thrice) (D:3)
  2 killer bee zombies (Ossuary)
  17 mummies (Ossuary)
  A howler monkey zombie (Ossuary)
  9 gnolls
  3 adders
  A white imp (D:5)
  An ufetubus (D:6)
  2 worms
  5 dart slugs
  15 orcs
  7 ball pythons
  A bat (D:2)
  7 endoplasms
  2 giant cockroaches
  6 hobgoblins
  7 jackals
  7 quokkas
  A frilled lizard (D:3)
  6 goblins
  7 kobolds
  2 rats
145 creatures vanquished.

Vanquished Creatures (collateral kills)
  A hound (D:6)
  A mummy (Ossuary)
  A killer bee zombie (Ossuary)
3 creatures vanquished.

Vanquished Creatures (others)
  A hornet zombie (Ossuary)
  A wyvern zombie (Ossuary)
  An orc (D:6)
  505 foxfires
508 creatures vanquished.

Grand Total: 656 creatures vanquished

Notes
Turn   | Place    | Note
-------+----------+-------------------------------------------
     0 | D:1      | olmar the Djinni Fire Elementalist began the quest for the
                  | Orb.
     0 | D:1      | olmar set off with the following spells memorised: Foxfire,
                  | Scorch, Volatile Blastmotes, Inner Flame, Flame Wave.
     0 | D:1      | Reached XP level 1. HP: 15/15 MP: 0/0
    80 | D:1      | Reached XP level 2. HP: 19/21 MP: 0/0
   156 | D:1      | Reached skill level 3 in Dodging
   616 | D:2      | Noticed Sigmund
   666 | D:2      | Reached XP level 3. HP: 24/25 MP: 0/0
   666 | D:2      | Learned a level 1 spell: Apportation
   779 | D:2      | Reached XP level 4. HP: 22/31 MP: 0/0
  1027 | D:2      | Reached skill level 4 in Dodging
  1477 | D:3      | Reached skill level 1 in Unarmed Combat
  1488 | D:3      | Reached XP level 5. HP: 30/36 MP: 0/0
  1488 | D:3      | Learned a level 2 spell: Passwall
  1580 | D:3      | Reached skill level 1 in Fighting
  1615 | D:3      | Noticed Natasha
  1620 | D:3      | Killed Natasha
  1712 | D:3      | Found a sparkling altar of Nemelex Xobeh.
  1796 | D:3      | Noticed Natasha
  1803 | D:3      | Killed Natasha
  1804 | D:3      | Reached XP level 6. HP: 40/42 MP: 0/0
  1884 | D:3      | Noticed Natasha
  1891 | D:3      | Killed Natasha
  2015 | D:3      | Reached skill level 5 in Dodging
  2071 | D:3      | Found a faded altar of an unknown god.
  2997 | D:4      | Reached XP level 7. HP: 42/47 MP: 0/0
  2997 | D:4      | Learned a level 2 spell: Searing Ray
  3220 | D:4      | Found a basalt altar of Yredelemnul.
  3224 | D:4      | Found a shimmering altar of Xom.
  3889 | D:2      | You are sucked into a shaft and drop 2 floors!
  4006 | D:2      | Killed Sigmund
  4007 | D:2      | Reached skill level 6 in Dodging
  4649 | D:5      | Entered Level 5 of the Dungeon
  4673 | D:5      | Reached XP level 8. HP: 41/54 MP: 0/0
  4699 | D:5      | Found a sand-covered staircase.
  4704 | Ossuary  | Entered an ossuary
  4957 | Ossuary  | Reached skill level 1 in Short Blades
  4991 | Ossuary  | Reached skill level 7 in Dodging
  5449 | Ossuary  | Reached XP level 9. HP: 56/61 MP: 0/0
  5449 | Ossuary  | Learned a level 3 spell: Teleport Other
  6152 | D:5      | Reached skill level 5 in Spellcasting
  6152 | D:5      | Reached skill level 5 in Conjurations
  6152 | D:5      | Reached skill level 5 in Hexes
  6152 | D:5      | Reached skill level 5 in Summonings
  6152 | D:5      | Reached skill level 5 in Necromancy
  6152 | D:5      | Reached skill level 5 in Translocations
  6152 | D:5      | Reached skill level 5 in Transmutations
  6152 | D:5      | Reached skill level 5 in Fire Magic
  6152 | D:5      | Reached skill level 5 in Ice Magic
  6152 | D:5      | Reached skill level 5 in Air Magic
  6152 | D:5      | Reached skill level 5 in Earth Magic
  6152 | D:5      | Reached skill level 5 in Poison Magic
  6514 | D:5      | Reached skill level 8 in Dodging
  7523 | D:6      | Noticed Blork the orc
  8079 | D:6      | Found a glowing golden altar of the Shining One.
  8136 | D:6      | Found a runed translucent door.
  8137 | D:6      | Noticed Crazy Yiuf
  8165 | D:6      | Found a staircase to the Ecumenical Temple.
  8178 | D:6      | Splashed by a jelly's acid

Illustrated notes

Levels and vault maps discovered:
D:1:      lemuel_arrival_rhombus, layout_basic, amcnicky_mini_pool_small
D:2:      layout_loops_ring, kennysheep_generic_room_4, uniq_sigmund
D:3:      layout_rooms, nemelex_diamond_rough_becter,
          shapermc_ecumenical_altar_totnotflames, serial_forest,
          infiniplex_forest_fountain, infiniplex_forest_straight_3,
          infiniplex_forest_straight_4, infiniplex_forest_lined_room_2,
          infiniplex_forest_lined_ring, infiniplex_forest_lined_2,
          infiniplex_forest_lined_2, infiniplex_forest_lined_2,
          infiniplex_forest_corner_1, dk_noncrumbling_3, nicolae_grassy_gnolls,
          uniq_natasha
D:4:      layout_loops_ring, mainiacjoe_overflow_paths,
          nicolae_overflow_hidden_temple, dk_vineyard_3
D:5:      layout_loops_ring, mainiacjoe_overflow_chevrons, enter_ossuary_2,
          hellmonk_bongcloud_opening
D:6:      layout_cave_pools, elyvilon_altar_3, tso_altar,
          minmay_temple_entry_stoned_glass, minmay_misc_feat_room,
          uniq_blork_the_orc, uniq_pikel, uniq_crazy_yiuf_cottage

Skill      XL: |  1  2  3  4  5  6  7  8  9 |
---------------+----------------------------+-----
Spellcasting   | 4 5 |  5.5
Conjurations   | 4 5 |  5.5
Hexes          | 4 5 |  5.5
Summonings     | 4 5 |  5.5
Necromancy     | 4 5 |  5.5
Translocations | 4 5 |  5.5
Transmutations | 4 5 |  5.5
Fire Magic     | 4 5 |  5.5
Ice Magic      | 4 5 |  5.5
Air Magic      | 4 5 |  5.5
Earth Magic    | 4 5 |  5.5
Poison Magic   | 4 5 |  5.5
Dodging        | 3 4 5 6 7 8 |  8.5
Unarmed Combat | 1 2 3 |  3.2
Fighting       | 1 2 3 4 |  4.7
Short Blades   | 2 3 |  3.2
Stealth        | |  1.5

Action                     |  1- 3 |  4- 6 |  7- 9 || total
---------------------------+-------+-------+-------++-------
  Melee: Unarmed           |     6 |    17 |     2 ||    25
         Dagger            |       |       |    91 ||    91
         Punch             |       |       |     2 ||     2
   Cast: Foxfire           |    40 |   120 |   149 ||   309
         Scorch            |       |     3 |    18 ||    21
         Searing Ray       |       |       |    28 ||    28
         Volatile Blastmot |       |       |     3 ||     3
  Evoke: Wand              |       |       |     5 ||     5
    Use: Potion            |       |     2 |     4 ||     6
         Scroll            |       |     1 |    18 ||    19
   Stab: Distracted        |       |       |     1 ||     1
 Armour: Robe              |     1 |     8 |    27 ||    36
  Dodge: Dodged            |     8 |    41 |   149 ||   198

Table legend: (Time is in decaauts)
 A = Elapsed time spent in this place.
 B = Non-inter-level travel time spent in this place.
 C = Inter-level travel time spent in this place.
 D = Time resting spent in this place.
 E = Time spent auto-exploring this place.
 F = Levels seen in this place.
 G = Mean time per level.
                   A        B        C        D        E       F      G
               +--------+--------+--------+--------+--------+-----+--------+
         Total |   8172 |   7802 |    370 |   2757 |   3703 |   7 | 1167.4 |
       Dungeon |   6892 |   6522 |    370 |   2046 |   3435 |   6 | 1148.7 |
       Ossuary |   1279 |   1279 |      0 |    711 |    268 |   1 | 1279.0 |
               +--------+--------+--------+--------+--------+-----+--------+

Top non-repeatable levels by time:
     D:4: 1720 daAuts
 Ossuary: 1279 daAuts
     D:6: 1208 daAuts
     D:3: 1207 daAuts
     D:2: 1179 daAuts
     D:5: 1033 daAuts
     D:1: 544 daAuts
